Flyers vs Flames

Created - December 3, 2018 at 19:19

Goals
1 2 3 T
Flyers 1 2 1 4
Flames 1 2 0 3
Shots
1 2 3 T
Flyers 8 8 22 38
Flames 11 9 8 28

1st period

1. Flyers , Marcus Kruger 2 (Matt Smaby 4) at 9:34
2. Flames , Eric Staal 12 (Alexander Semin 5, Erik Johnson 16) at 15:33

Penalties :
Eric Staal (Cal) for Roughing (Minor) at 9:47

2nd period

3. Flames , Eric Staal 13 (Alexander Semin 6, David Backes 22) at 0:36 (PP)
4. Flames , Steve Regier 4 (Brendan Mikkelson 2) at 7:53
5. Flyers , Nathan Beaulieu 3 (Mats Zuccarello 11, J.T. Miller 8) at 17:21
6. Flyers , J.T. Miller 12 (Oliver Ekman-Larsson 5, Kyle Wellwood 18) at 18:38 (PP)

Penalties :
Jeff Woywitka (Phi) for Slashing (Minor) at 0:18, Jeff Carter (Phi) for Holding (Minor) at 14:38, Peter Prucha (Cal) for Holding Stick (Minor) at 18:20

3rd period

7. Flyers , Jakub Voracek 10 (Drew Miller 11, Jeff Carter 20) at 1:58 (PP)

Penalties :
Jordin Tootoo (Cal) for Hooking (Minor) at 0:33, Erik Johnson (Cal) for High sticking (Minor) at 2:57, Steve Regier (Cal) for Hooking (Minor) at 5:54, David Backes (Cal) for Roughing (Minor) at 9:30, Eric Staal (Cal) for Slashing (Minor) at 15:52, Brad Marchand (Cal) for Tripping (Minor) at 16:44, Matthew Lombardi (Phi) for Tripping (Minor) at 19:13

Goalie Stats

Cory Schneider (Phi), 25 saves from 28 shots - (0.893), W, 8-1-1, 60:00 minutes
Pekka Rinne (Cal), 34 saves from 38 shots - (0.895), L, 5-8-0, 58:58 minutes

Players Stats for Flyers

Player Name              G  A  P  +/- PIM S  H  SB GA TA FO     MP     PP MP  PK MP  
------------------------------------------------------------------------------------
Brian McGrattan          0  0  0  -1  0   1  1  0  0  0  0/1     7:04   0:02   0:00 
Chris Mcallister         0  0  0  -1  0   2  2  0  0  0  0/1     8:18   0:00   1:24 
Dany Heatley             0  0  0   1  0   3  2  1  0  0  0/0    10:41   0:00   0:08 
Drew Miller              0  1  1  -1  0   2  4  1  1  0  0/1    20:37   6:25   0:00 
J.T. Miller              1  1  2   1  0   2  1  0  0  0  2/2    20:24   6:05   1:31 
Jakub Voracek            1  0  1  -1  0   6  2  0  1  0  1/1    20:37   6:25   0:00 
Jaromir Jagr             0  0  0   1  0   0  3  0  0  0  0/1    10:33   0:00   0:00 
Jeff Carter              0  1  1  -1  2   6  2  0  0  0  18/29  20:36   6:25   0:00 
Jeff Woywitka            0  0  0   1  2   1  2  1  0  3  0/0    24:17   6:32   1:31 
Jonathan Ericsson        0  0  0  -1  0   0  4  0  0  0  0/0    20:22   6:32   1:31 
Kyle Wellwood            0  1  1   1  0   7  0  0  0  1  8/18   20:14   6:03   1:31 
Marcus Kruger            1  0  1   1  0   2  2  0  0  0  0/3    11:16   0:02   0:33 
Mats Zuccarello          0  1  1   1  0   1  2  0  0  1  0/4    18:43   6:03   0:00 
Matt Smaby               0  1  1   0  0   1  2  2  1  0  0/0    23:23   5:58   1:32 
Matthew Lombardi         0  0  0  -1  2   1  0  0  0  0  2/6     7:52   0:00   0:59 
Nathan Beaulieu          1  0  1   1  0   1  0  1  0  0  0/0    14:15   0:00   0:00 
Oliver Ekman-Larsson     0  1  1  -1  0   1  2  0  0  0  0/0    24:22   5:58   1:32 
Victor Bartley           0  0  0   0  0   1  1  2  0  0  0/0    13:20   0:00   0:00 

Players Stats for Flames

Player Name              G  A  P  +/- PIM S  H  SB GA TA FO     MP     PP MP  PK MP  
------------------------------------------------------------------------------------
Alexander Semin          0  2  2   1  0   1  1  0  0  1  0/1    12:46   1:27   0:20 
Brad Marchand            0  0  0  -1  2   0  1  2  0  0  0/2    20:15   0:03   5:07 
Brendan Mikkelson        0  1  1   1  0   0  1  1  0  0  0/0    15:25   0:00   3:38 
Colin Wilson             0  0  0   0  0   3  0  0  0  0  3/7    11:29   0:00   0:12 
David Backes             0  1  1   1  2   3  2  0  1  0  1/3    17:52   1:50   0:28 
David Ullstrom           0  0  0   0  0   1  0  0  0  0  0/0     6:49   0:00   0:00 
Derek Meech              0  0  0  -2  0   0  0  4  2  0  0/0    24:52   0:35   8:52 
Eric Staal               2  0  2   1  4   8  1  0  0  0  19/31  21:25   1:50   3:56 
Erik Johnson             0  1  1   1  2   3  1  1  0  0  0/0    19:45   2:28   0:00 
Jonathan Ferland         0  0  0   0  0   0  2  0  0  0  1/4    10:44   0:00   3:52 
Jordin Tootoo            0  0  0  -1  2   0  0  0  0  0  1/2    16:28   1:33   4:05 
Mikhail Grabovski        0  0  0   0  0   1  0  1  0  0  5/9    12:49   0:00   5:43 
Patrik Berglund          0  0  0  -1  0   0  2  0  0  1  5/7    11:50   1:13   0:00 
Peter Prucha             0  0  0   0  2   2  3  0  0  0  0/0    11:05   0:00   0:00 
Sami Vatanen             0  0  0   1  0   0  1  0  0  0  0/0    19:43   2:28   0:00 
Steve Eminger            0  0  0  -2  0   1  1  5  1  1  0/0    24:17   0:00   8:52 
Steve Regier             1  0  1   0  2   3  1  0  0  0  1/1    12:41   1:13   0:09 
Tom Poti                 0  0  0   1  0   2  0  1  1  0  0/0    16:00   0:35   3:38 

3 Stars

1 - J.T. Miller (Phi)
2 - Marcus Kruger (Phi)
3 - Eric Staal (Cal)

Power Play

Flyers - 2 on 8 Attempt(s) - 25.00%
Flames - 1 on 3 Attempt(s) - 33.33%

Penalty Kill

Flyers - 2 on 3 Attempt(s) - 66.67% - Score 0 goal in Penalty Kill
Flames - 6 on 8 Attempt(s) - 75.00% - Score 0 goal in Penalty Kill

Team Stat

Flyers - Hits : 32 - Faceoff Wins : 31 - Blocked Shots : 8 - Penalty Minutes : 6
Flames - Hits : 17 - Faceoff Wins : 36 - Blocked Shots : 15 - Penalty Minutes : 16

Official

Referees : Unknown
Linesman : Unknown

Game Notes

Alexander Semin is injured at 16:37 of 2nd period (Broken Right Thumb)

Finance

Level 1 -- Attendance: 5599 (93.32%) -- Ticket Income $509,509
Level 2 -- Attendance: 4963 (99.26%) -- Ticket Income $282,891
Level 3 -- Attendance: 1455 (72.75%) -- Ticket Income $55,290
Level 4 -- Attendance: 3446 (86.15%) -- Ticket Income $96,488
Luxury Box -- Attendance: 927 (92.70%) -- Ticket Income $152,028
Game was played at the Metal Center.
Total Attendance: 16390 (91.06%)
Total Ticket Income: $1,096,206
Other Income: $164,431
Total Income: $1,260,637

Flyers

5 vs 5 Forward 
   Center                   Left Wing                Right Wing               Time % Phy DF OF 
 1 Jeff Carter              Drew Miller              Jakub Voracek            40     0   1  4  
 2 Kyle Wellwood            J.T. Miller              Mats Zuccarello          30     0   1  4  
 3 Marcus Kruger            Dany Heatley             Jaromir Jagr             20     0   1  4  
 4 Matthew Lombardi         Chris Mcallister         Brian McGrattan          10     0   4  1  

5 vs 5 Defense 
   Defense                  Defense                                           Time % Phy DF OF 
 1 Oliver Ekman-Larsson     Jonathan Ericsson                                 30     1   3  1  
 2 Jeff Woywitka            Nathan Beaulieu                                   30     1   3  1  
 3 Victor Bartley           Matt Smaby                                        30     1   3  1  
 4 Oliver Ekman-Larsson     Jeff Woywitka                                     10     1   3  1  

PowerPlay Forward 
   Center                   Left Wing                Right Wing               Time % Phy DF OF 
 1 Jeff Carter              Drew Miller              Jakub Voracek            50     0   1  4  
 2 Kyle Wellwood            J.T. Miller              Mats Zuccarello          50     0   1  4  

PowerPlay Defense
   Defense                  Defense                                           Time % Phy DF OF 
 1 Oliver Ekman-Larsson     Matt Smaby                                        50     0   2  3  
 2 Jonathan Ericsson        Jeff Woywitka                                     50     0   2  3  

Penalty Kill 4 Players Forward 
   Center                   Wing                     Time % Phy DF OF 
 1 Matthew Lombardi         Chris Mcallister         50     0   4  1  
 2 Kyle Wellwood            J.T. Miller              50     0   4  1  

Penalty Kill 4 Players Defense
   Defense                  Defense                  Time % Phy DF OF 
 1 Oliver Ekman-Larsson     Matt Smaby               50     1   4  0  
 2 Jeff Woywitka            Jonathan Ericsson        50     1   4  0  

Penalty Kill - 3 Players Forward 
   Forward                                           Time % Phy DF OF 
 1 Matthew Lombardi                                  50     0   4  1  
 2 Kyle Wellwood                                     50     0   4  1  

Penalty Kill - 3 Players Defense
   Defense                  Defense                  Time % Phy DF OF 
 1 Oliver Ekman-Larsson     Matt Smaby               50     1   4  0  
 2 Jeff Woywitka            Jonathan Ericsson        50     1   4  0  

4 vs 4 Forward 
   Center                   Wing                     Time % Phy DF OF 
 1 Jeff Carter              Jakub Voracek            50     0   2  3  
 2 Kyle Wellwood            J.T. Miller              50     0   2  3  

4 vs 4 Defense
   Defense                  Defense                  Time % Phy DF OF 
 1 Oliver Ekman-Larsson     Matt Smaby               50     1   3  1  
 2 Jeff Woywitka            Jonathan Ericsson        50     1   3  1  

Last Minutes Offensive
   Center                   Left Wing                Right Wing               Defense                  Defense                  
   Jeff Carter              Drew Miller              Jakub Voracek            Oliver Ekman-Larsson     Jeff Woywitka            

Last Minutes Defensive
   Center                   Left Wing                Right Wing               Defense                  Defense                  
   Matthew Lombardi         Chris Mcallister         Brian McGrattan          Oliver Ekman-Larsson     Jeff Woywitka            

Goaltenders
Starting : Cory Schneider           
Backup : Steve Mason              

Extra Forwards
Normal : Jeff Carter, Kyle Wellwood, Drew Miller - PP : Jeff Carter, Kyle Wellwood - PK : Chris Mcallister
Extra Defensemen
Normal : Oliver Ekman-Larsson, Jeff Woywitka, Jonathan Ericsson - PP : Oliver Ekman-Larsson - PK : Oliver Ekman-Larsson, Jeff Woywitka
Penalty Shots
Jeff Carter, Dany Heatley, Kyle Wellwood, Jaromir Jagr, J.T. Miller

Scratches
Brian Lashoff (Healthy)

Flames

5 vs 5 Forward 
   Center                   Left Wing                Right Wing               Time % Phy DF OF 
 1 Eric Staal               Alexander Semin          David Backes             40     0   2  3  
 2 Patrik Berglund          Brad Marchand            Jordin Tootoo            33     0   2  3  
 3 Colin Wilson             Steve Regier             Peter Prucha             19     0   2  3  
 4 Mikhail Grabovski        David Ullstrom           Jonathan Ferland         8      0   2  3  

5 vs 5 Defense 
   Defense                  Defense                                           Time % Phy DF OF 
 1 Erik Johnson             Sami Vatanen                                      38     1   2  2  
 2 Derek Meech              Steve Eminger                                     29     1   2  2  
 3 Brendan Mikkelson        Tom Poti                                          23     1   2  2  
 4 Derek Meech              Steve Eminger                                     10     1   2  2  

PowerPlay Forward 
   Center                   Left Wing                Right Wing               Time % Phy DF OF 
 1 Eric Staal               Alexander Semin          David Backes             60     1   1  3  
 2 Patrik Berglund          Steve Regier             Jordin Tootoo            40     1   1  3  

PowerPlay Defense
   Defense                  Defense                                           Time % Phy DF OF 
 1 Erik Johnson             Sami Vatanen                                      60     1   1  3  
 2 Derek Meech              Tom Poti                                          40     1   1  3  

Penalty Kill 4 Players Forward 
   Center                   Wing                     Time % Phy DF OF 
 1 Mikhail Grabovski        Jordin Tootoo            50     1   3  1  
 2 Eric Staal               Brad Marchand            50     1   3  1  

Penalty Kill 4 Players Defense
   Defense                  Defense                  Time % Phy DF OF 
 1 Derek Meech              Steve Eminger            58     1   3  1  
 2 Brendan Mikkelson        Tom Poti                 42     1   3  1  

Penalty Kill - 3 Players Forward 
   Forward                                           Time % Phy DF OF 
 1 Eric Staal                                        50     1   3  1  
 2 David Backes                                      50     1   3  1  

Penalty Kill - 3 Players Defense
   Defense                  Defense                  Time % Phy DF OF 
 1 Derek Meech              Steve Eminger            58     1   3  1  
 2 Brendan Mikkelson        Tom Poti                 42     1   3  1  

4 vs 4 Forward 
   Center                   Wing                     Time % Phy DF OF 
 1 Eric Staal               David Backes             60     1   2  2  
 2 Patrik Berglund          Jordin Tootoo            40     1   2  2  

4 vs 4 Defense
   Defense                  Defense                  Time % Phy DF OF 
 1 Erik Johnson             Sami Vatanen             60     1   2  2  
 2 Derek Meech              Steve Eminger            40     1   2  2  

Last Minutes Offensive
   Center                   Left Wing                Right Wing               Defense                  Defense                  
   Eric Staal               Alexander Semin          David Backes             Erik Johnson             Sami Vatanen             

Last Minutes Defensive
   Center                   Left Wing                Right Wing               Defense                  Defense                  
   Eric Staal               Alexander Semin          David Backes             Derek Meech              Steve Eminger            

Goaltenders
Starting : Pekka Rinne              
Backup : Jonas Gustavsson         

Extra Forwards
Normal : Brad Marchand, Jordin Tootoo, Patrik Berglund - PP : Jordin Tootoo, Brad Marchand - PK : Jonathan Ferland
Extra Defensemen
Normal : Derek Meech, Steve Eminger, Brendan Mikkelson - PP : Derek Meech - PK : Erik Johnson, Brendan Mikkelson
Penalty Shots
Eric Staal, Alexander Semin, David Backes, Steve Regier, Patrik Berglund

Scratches
None


% Time on Ice - Flyers

Lines # - Real PCT - Wanted PCT - Time Play
Normal Forward
1 - 32% - 40% - 14:12
2 - 29% - 30% - 12:48
3 - 24% - 20% - 10:33
4 - 15% - 10% - 6:26
Normal Defense
1 - 32% - 30% - 14:04
2 - 31% - 30% - 13:49
3 - 30% - 30% - 13:20
4 - 6% - 10% - 2:46
PP Forward
1 - 51% - 50% - 6:25
2 - 49% - 50% - 6:05
PP Defense
1 - 48% - 50% - 5:58
2 - 52% - 50% - 6:32
PK Forward
1 - 50% - 50% - 1:32
2 - 50% - 50% - 1:31
PK Defense
1 - 50% - 50% - 1:32
2 - 50% - 50% - 1:31
PK3 Forward
1 - 0% - 50%
2 - 0% - 50%
PK3 Defense
1 - 0% - 50%
2 - 0% - 50%
44 Forward
1 - 0% - 50%
2 - 0% - 50%
44 Defense
1 - 0% - 50%
2 - 0% - 50%
Last Minute Offensive  - 0:00
Last Minute Defensive  - 0:28
Total
Forward - 60:00
Defense - 60:00

% Time on Ice - Flames

Lines # - Real PCT - Wanted PCT - Time Play
Normal Forward
1 - 35% - 40% - 15:21
2 - 24% - 33% - 10:44
3 - 25% - 19% - 11:06
4 - 15% - 8% - 6:49
Normal Defense
1 - 40% - 38% - 17:49
2 - 28% - 29% - 12:11
3 - 26% - 23% - 11:33
4 - 6% - 10% - 2:27
PP Forward
1 - 60% - 60% - 1:50
2 - 40% - 40% - 1:13
PP Defense
1 - 81% - 60% - 2:28
2 - 19% - 40% - 0:35
PK Forward
1 - 47% - 50% - 5:20
2 - 53% - 50% - 6:03
PK Defense
1 - 69% - 58% - 7:54
2 - 31% - 42% - 3:29
PK3 Forward
1 - 58% - 50% - 0:39
2 - 42% - 50% - 0:28
PK3 Defense
1 - 87% - 58% - 0:58
2 - 13% - 42% - 0:09
44 Forward
1 - 0% - 60%
2 - 0% - 40%
44 Defense
1 - 0% - 60%
2 - 0% - 40%
Last Minute Offensive  - 0:27
Last Minute Defensive  - 0:00
Total
Forward - 60:00
Defense - 60:00

Play by Play

1st period


0:01 of 1st period - Jeff Carter wins face-off versus Alexander Semin in neutral zone.
0:04 of 1st period - Alexander Semin is hit by Jonathan Ericsson and loses puck.
0:09 of 1st period - Wrist shot by Jeff Carter.
0:09 of 1st period - Stopped by Pekka Rinne with a rebound.
0:59 of 1st period - Snap shot by Marcus Kruger.
0:59 of 1st period - Shot Misses the Net.
1:38 of 1st period - Off-side.
1:39 of 1st period - Kyle Wellwood wins face-off versus Brad Marchand in neutral zone.
2:05 of 1st period - Derek Meech is hit by Jaromir Jagr and loses puck.
2:32 of 1st period - Snap shot by Peter Prucha.
2:32 of 1st period - Stopped by Cory Schneider with a rebound.
2:58 of 1st period - Wrist shot by Mikhail Grabovski.
2:58 of 1st period - Stopped by Cory Schneider with a rebound.
3:00 of 1st period - Wrist shot by David Ullstrom.
3:00 of 1st period - Stopped by Cory Schneider with a rebound.
3:44 of 1st period - Snap shot by David Backes.
3:44 of 1st period - Deflect By Eric Staal.
3:44 of 1st period - Stopped by Cory Schneider without a rebound.
3:45 of 1st period - Jeff Carter wins face-off versus Colin Wilson in Flyers zone.
4:12 of 1st period - Erik Johnson is hit by Matt Smaby and loses puck.
5:49 of 1st period - Snap shot by Brian McGrattan.
5:49 of 1st period - Stopped by Pekka Rinne with a rebound.
5:51 of 1st period - Snap shot by Chris Mcallister.
5:51 of 1st period - Shot Blocked by Derek Meech.
5:53 of 1st period - Slapshot by Jeff Woywitka.
5:53 of 1st period - Deflect By Derek Meech.
5:53 of 1st period - Stopped by Pekka Rinne without a rebound.
5:54 of 1st period - Jordin Tootoo wins face-off versus Jeff Carter in Flames zone.
5:59 of 1st period - Slapshot by Brad Marchand.
5:59 of 1st period - Shot Blocked by Jeff Woywitka.
6:51 of 1st period - Victor Bartley is hit by Alexander Semin and loses puck.
6:58 of 1st period - Tom Poti is hit by Victor Bartley and loses puck.
7:17 of 1st period - Snap shot by Jeff Carter.
7:17 of 1st period - Stopped by Pekka Rinne without a rebound.
7:18 of 1st period - Patrik Berglund wins face-off versus Matthew Lombardi in Flames zone.
7:33 of 1st period - Snap shot by Brad Marchand.
7:33 of 1st period - Shot Misses the Net.
8:10 of 1st period - Eric Staal is hit by Jonathan Ericsson and loses puck.
8:54 of 1st period - Slapshot by Jeff Carter.
8:54 of 1st period - Stopped by Pekka Rinne without a rebound.
8:55 of 1st period - Jeff Carter wins face-off versus Eric Staal in Flames zone.
9:21 of 1st period - Brad Marchand is hit by Jaromir Jagr and loses puck.
9:34 of 1st period - Wrist shot by Marcus Kruger.
9:34 of 1st period - Goal by Marcus Kruger - Flyers : 1 - Flames : 0.
9:35 of 1st period - Jeff Carter wins face-off versus Eric Staal in neutral zone.
9:37 of 1st period - Off-side.
9:38 of 1st period - Jeff Carter wins face-off versus Eric Staal in neutral zone.
9:41 of 1st period - Alexander Semin is hit by Jeff Carter and loses puck.
9:47 of 1st period - Minor Penalty to Eric Staal for Roughing.
9:48 of 1st period - Jeff Carter wins face-off versus Mikhail Grabovski in Flames zone.
11:31 of 1st period - Jakub Voracek is hit by Brendan Mikkelson and loses puck.
11:47 of 1st period - Penalty to Eric Staal is over, Eric Staal is back on ice.
12:01 of 1st period - Wrist shot by Eric Staal.
12:01 of 1st period - Shot Misses the Net.
12:03 of 1st period - Wrist shot by Eric Staal.
12:03 of 1st period - Shot Blocked by Dany Heatley.
12:05 of 1st period - Backhand shot by David Backes.
12:05 of 1st period - Stopped by Cory Schneider with a rebound.
12:35 of 1st period - Jaromir Jagr is hit by Jonathan Ferland.
13:23 of 1st period - Steve Regier is hit by Mats Zuccarello and loses puck.
13:32 of 1st period - Mats Zuccarello is hit by Steve Eminger and loses puck.
13:45 of 1st period - Steve Eminger is hit by Brian McGrattan.
13:46 of 1st period - Icing by Steve Eminger.
13:47 of 1st period - Mikhail Grabovski wins face-off versus Brian McGrattan in Flames zone.
15:19 of 1st period - Snap shot by Colin Wilson.
15:19 of 1st period - Stopped by Cory Schneider without a rebound.
15:20 of 1st period - Eric Staal wins face-off versus Matthew Lombardi in Flyers zone.
15:25 of 1st period - Wrist shot by Eric Staal.
15:25 of 1st period - Stopped by Cory Schneider with a rebound.
15:27 of 1st period - Slapshot by Erik Johnson.
15:27 of 1st period - Shot Misses the Net.
15:29 of 1st period - Wrist shot by Alexander Semin.
15:29 of 1st period - Shot Hit the Post.
15:31 of 1st period - Slapshot by Alexander Semin.
15:31 of 1st period - Shot Misses the Net.
15:33 of 1st period - Wrist shot by Eric Staal.
15:33 of 1st period - Goal by Eric Staal - Flyers : 1 - Flames : 1.
15:34 of 1st period - Jeff Carter wins face-off versus Eric Staal in neutral zone.
15:49 of 1st period - Slapshot by Eric Staal.
15:49 of 1st period - Shot Blocked by Matt Smaby.
16:01 of 1st period - Derek Meech is hit by Mats Zuccarello.
16:54 of 1st period - Snap shot by Eric Staal.
16:54 of 1st period - Shot Misses the Net.
16:56 of 1st period - Snap shot by Alexander Semin.
16:56 of 1st period - Stopped by Cory Schneider with a rebound.
16:58 of 1st period - Snap shot by David Backes.
16:58 of 1st period - Shot Misses the Net.
17:23 of 1st period - Off-side.
17:24 of 1st period - J.T. Miller wins face-off versus Colin Wilson in neutral zone.
17:27 of 1st period - Colin Wilson is hit by J.T. Miller and loses puck.
18:42 of 1st period - Slapshot by Jaromir Jagr.
18:42 of 1st period - Shot Blocked by Erik Johnson.
18:44 of 1st period - Backhand shot by Matt Smaby.
18:44 of 1st period - Shot Misses the Net.
18:46 of 1st period - Snap shot by Marcus Kruger.
18:46 of 1st period - Stopped by Pekka Rinne without a rebound.
18:47 of 1st period - Jeff Carter wins face-off versus Eric Staal in Flames zone.
18:48 of 1st period - Wrist shot by Drew Miller.
18:48 of 1st period - Stopped by Pekka Rinne without a rebound.
18:49 of 1st period - David Backes wins face-off versus Jeff Carter in Flames zone.
19:16 of 1st period - Derek Meech is hit by Jonathan Ericsson.
19:24 of 1st period - Snap shot by Patrik Berglund.
19:24 of 1st period - Deflect By Oliver Ekman-Larsson.
19:24 of 1st period - Shot Misses the Net.
19:24 of 1st period - Puck is out of play.
19:25 of 1st period - Kyle Wellwood wins face-off versus Eric Staal in Flyers zone.
19:29 of 1st period - Off-side.
19:30 of 1st period - Eric Staal wins face-off versus Kyle Wellwood in neutral zone.
19:35 of 1st period - Mats Zuccarello is hit by David Backes and loses puck.
19:40 of 1st period - Wrist shot by David Backes.
19:40 of 1st period - Stopped by Cory Schneider with a rebound.
19:42 of 1st period - Slapshot by Erik Johnson.
19:42 of 1st period - Shot Misses the Net.
19:44 of 1st period - Wrist shot by Alexander Semin.
19:44 of 1st period - Shot Misses the Net.
19:46 of 1st period - Snap shot by Eric Staal.
19:46 of 1st period - Stopped by Cory Schneider with a rebound.
Goals for this period are 1 for Flyers vs 1 for Flames.
Shots for this period are 8 for Flyers vs 11 for Flames.

2nd period


0:01 of 2nd period - Patrik Berglund wins face-off versus Jeff Carter in neutral zone.
0:16 of 2nd period - Snap shot by Jordin Tootoo.
0:16 of 2nd period - Shot Misses the Net.
0:18 of 2nd period - Minor Penalty to Jeff Woywitka for Slashing.
0:19 of 2nd period - Matthew Lombardi wins face-off versus Eric Staal in Flyers zone.
0:36 of 2nd period - Slapshot by Eric Staal.
0:36 of 2nd period - Goal by Eric Staal - Flyers : 1 - Flames : 2.
0:37 of 2nd period - Eric Staal wins face-off versus Jeff Carter in neutral zone.
0:44 of 2nd period - Snap shot by David Backes.
0:44 of 2nd period - Shot Misses the Net.
1:04 of 2nd period - Mats Zuccarello is hit by Patrik Berglund and loses puck.
1:31 of 2nd period - Snap shot by Colin Wilson.
1:31 of 2nd period - Stopped by Cory Schneider without a rebound.
1:32 of 2nd period - Colin Wilson wins face-off versus Jeff Carter in Flyers zone.
1:39 of 2nd period - Snap shot by Steve Regier.
1:39 of 2nd period - Shot Blocked by Matt Smaby.
2:25 of 2nd period - Slapshot by Steve Eminger.
2:25 of 2nd period - Stopped by Cory Schneider without a rebound.
2:26 of 2nd period - Jeff Carter wins face-off versus Mikhail Grabovski in Flyers zone.
2:31 of 2nd period - David Ullstrom is hit by Drew Miller.
3:05 of 2nd period - Brad Marchand is hit by Jeff Woywitka.
4:09 of 2nd period - Slapshot by Jakub Voracek.
4:09 of 2nd period - Stopped by Pekka Rinne without a rebound.
4:10 of 2nd period - Eric Staal wins face-off versus Mats Zuccarello in Flames zone.
4:19 of 2nd period - Snap shot by Eric Staal.
4:19 of 2nd period - Stopped by Cory Schneider without a rebound.
4:20 of 2nd period - Eric Staal wins face-off versus Kyle Wellwood in Flyers zone.
4:33 of 2nd period - David Backes is hit by Jeff Woywitka and loses puck.
4:44 of 2nd period - Snap shot by Eric Staal.
4:44 of 2nd period - Shot Misses the Net.
4:46 of 2nd period - Backhand shot by Eric Staal.
4:46 of 2nd period - Shot Misses the Net.
4:48 of 2nd period - Wrist shot by Eric Staal.
4:48 of 2nd period - Shot Blocked by Nathan Beaulieu.
5:04 of 2nd period - Snap shot by David Backes.
5:04 of 2nd period - Shot Misses the Net.
5:06 of 2nd period - Snap shot by Tom Poti.
5:06 of 2nd period - Stopped by Cory Schneider with a rebound.
5:08 of 2nd period - Slapshot by Tom Poti.
5:08 of 2nd period - Stopped by Cory Schneider with a rebound.
5:13 of 2nd period - Icing by Kyle Wellwood.
5:14 of 2nd period - Patrik Berglund wins face-off versus Kyle Wellwood in Flyers zone.
5:26 of 2nd period - Off-side.
5:27 of 2nd period - Jeff Carter wins face-off versus Jordin Tootoo in neutral zone.
5:32 of 2nd period - Slapshot by Oliver Ekman-Larsson.
5:32 of 2nd period - Shot Misses the Net.
5:34 of 2nd period - Slapshot by Oliver Ekman-Larsson.
5:34 of 2nd period - Stopped by Pekka Rinne with a rebound.
5:54 of 2nd period - Dany Heatley is hit by Peter Prucha and loses puck.
6:03 of 2nd period - Wrist shot by Dany Heatley.
6:03 of 2nd period - Stopped by Pekka Rinne without a rebound.
6:04 of 2nd period - Eric Staal wins face-off versus Jeff Carter in Flames zone.
6:04 of 2nd period - Eric Staal is hit by Drew Miller.
6:12 of 2nd period - Matt Smaby is hit by Eric Staal.
6:30 of 2nd period - Jakub Voracek is hit by Peter Prucha and loses puck.
7:11 of 2nd period - Brendan Mikkelson is hit by Jakub Voracek and loses puck.
7:40 of 2nd period - Jakub Voracek is hit by Steve Regier and loses puck.
7:51 of 2nd period - Wrist shot by Steve Regier.
7:51 of 2nd period - Shot Blocked by Drew Miller.
7:53 of 2nd period - Slapshot by Steve Regier.
7:53 of 2nd period - Goal by Steve Regier - Flyers : 1 - Flames : 3.
7:54 of 2nd period - Patrik Berglund wins face-off versus Mats Zuccarello in neutral zone.
8:32 of 2nd period - Wrist shot by David Backes.
8:32 of 2nd period - Shot Misses the Net.
11:04 of 2nd period - Snap shot by Erik Johnson.
11:04 of 2nd period - Stopped by Cory Schneider with a rebound.
12:10 of 2nd period - Slapshot by Erik Johnson.
12:10 of 2nd period - Deflect By Matt Smaby.
12:10 of 2nd period - Stopped by Cory Schneider with a rebound.
12:30 of 2nd period - Kyle Wellwood is hit by Sami Vatanen and loses puck.
13:15 of 2nd period - Steve Regier is hit by Chris Mcallister.
13:35 of 2nd period - Slapshot by Oliver Ekman-Larsson.
13:35 of 2nd period - Shot Blocked by Brendan Mikkelson.
13:37 of 2nd period - Wrist shot by Kyle Wellwood.
13:37 of 2nd period - Stopped by Pekka Rinne with a rebound.
13:41 of 2nd period - Snap shot by Mats Zuccarello.
13:41 of 2nd period - Shot Blocked by Tom Poti.
13:53 of 2nd period - Backhand shot by Jordin Tootoo.
13:53 of 2nd period - Shot Misses the Net.
14:09 of 2nd period - Tom Poti is hit by Chris Mcallister and loses puck.
14:38 of 2nd period - Minor Penalty to Jeff Carter for Holding.
14:39 of 2nd period - Eric Staal wins face-off versus Matthew Lombardi in Flyers zone.
16:36 of 2nd period - Alexander Semin is hit by Dany Heatley and loses puck.
16:37 of 2nd period - Alexander Semin from Flames is injured at 16:37 of 2nd period (Broken Right Thumb).
16:38 of 2nd period - Penalty to Jeff Carter is over, Jeff Carter is back on ice.
16:38 of 2nd period - Eric Staal wins face-off versus Jeff Carter in Flames zone.
16:53 of 2nd period - Wrist shot by Jakub Voracek.
16:53 of 2nd period - Shot Misses the Net.
16:55 of 2nd period - Wrist shot by Jakub Voracek.
16:55 of 2nd period - Shot Blocked by Brad Marchand.
17:09 of 2nd period - Off-side.
17:10 of 2nd period - Colin Wilson wins face-off versus Kyle Wellwood in neutral zone.
17:19 of 2nd period - Snap shot by Mats Zuccarello.
17:19 of 2nd period - Shot Misses the Net.
17:21 of 2nd period - Wrist shot by Nathan Beaulieu.
17:21 of 2nd period - Goal by Nathan Beaulieu - Flyers : 2 - Flames : 3.
17:22 of 2nd period - Jeff Carter wins face-off versus Patrik Berglund in neutral zone.
17:25 of 2nd period - Erik Johnson is hit by Jakub Voracek.
18:06 of 2nd period - Snap shot by Dany Heatley.
18:06 of 2nd period - Stopped by Pekka Rinne with a rebound.
18:08 of 2nd period - Wrist shot by Dany Heatley.
18:08 of 2nd period - Shot Blocked by Steve Eminger.
18:10 of 2nd period - Snap shot by Jaromir Jagr.
18:10 of 2nd period - Shot Misses the Net.
18:20 of 2nd period - Minor Penalty to Peter Prucha for Holding Stick.
18:21 of 2nd period - Kyle Wellwood wins face-off versus Mikhail Grabovski in Flames zone.
18:24 of 2nd period - Wrist shot by Kyle Wellwood.
18:24 of 2nd period - Stopped by Pekka Rinne with a rebound.
18:26 of 2nd period - Slapshot by Oliver Ekman-Larsson.
18:26 of 2nd period - Shot Blocked by Steve Eminger.
18:38 of 2nd period - Snap shot by J.T. Miller.
18:38 of 2nd period - Goal by J.T. Miller - Flyers : 3 - Flames : 3.
18:39 of 2nd period - Jeff Carter wins face-off versus Eric Staal in neutral zone.
18:54 of 2nd period - Erik Johnson is hit by Jeff Carter and loses puck.
19:28 of 2nd period - Icing by Colin Wilson.
19:29 of 2nd period - Mikhail Grabovski wins face-off versus Marcus Kruger in Flames zone.
19:29 of 2nd period - Mikhail Grabovski is hit by Marcus Kruger.
Goals for this period are 2 for Flyers vs 2 for Flames.
Shots for this period are 8 for Flyers vs 9 for Flames.

3rd period


0:01 of 3rd period - Jeff Carter wins face-off versus Eric Staal in neutral zone.
0:06 of 3rd period - Slapshot by Jeff Carter.
0:06 of 3rd period - Shot Blocked by Derek Meech.
0:14 of 3rd period - Wrist shot by Jakub Voracek.
0:14 of 3rd period - Stopped by Pekka Rinne without a rebound.
0:15 of 3rd period - Patrik Berglund wins face-off versus Kyle Wellwood in Flames zone.
0:33 of 3rd period - Minor Penalty to Jordin Tootoo for Hooking.
0:34 of 3rd period - Mikhail Grabovski wins face-off versus Jeff Carter in Flames zone.
0:38 of 3rd period - Snap shot by Jakub Voracek.
0:38 of 3rd period - Shot Blocked by Steve Eminger.
0:40 of 3rd period - Slapshot by Jonathan Ericsson.
0:40 of 3rd period - Shot Misses the Net.
0:42 of 3rd period - Slapshot by Jeff Carter.
0:42 of 3rd period - Stopped by Pekka Rinne with a rebound.
0:44 of 3rd period - Slapshot by Jeff Woywitka.
0:44 of 3rd period - Shot Misses the Net.
0:46 of 3rd period - Snap shot by Jakub Voracek.
0:46 of 3rd period - Stopped by Pekka Rinne without a rebound.
0:47 of 3rd period - Mikhail Grabovski wins face-off versus Drew Miller in Flames zone.
0:47 of 3rd period - Mikhail Grabovski is hit by Jonathan Ericsson.
0:53 of 3rd period - Snap shot by Drew Miller.
0:53 of 3rd period - Shot Misses the Net.
1:05 of 3rd period - Steve Eminger is hit by Drew Miller and loses puck.
1:44 of 3rd period - Snap shot by Drew Miller.
1:44 of 3rd period - Shot Blocked by Steve Eminger.
1:58 of 3rd period - Snap shot by Jakub Voracek.
1:58 of 3rd period - Goal by Jakub Voracek - Flyers : 4 - Flames : 3.
1:59 of 3rd period - Eric Staal wins face-off versus Kyle Wellwood in neutral zone.
2:02 of 3rd period - Matt Smaby is hit by Erik Johnson and loses puck.
2:25 of 3rd period - Erik Johnson is hit by Marcus Kruger and loses puck.
2:48 of 3rd period - Slapshot by Brian McGrattan.
2:48 of 3rd period - Shot Misses the Net.
2:50 of 3rd period - Snap shot by Brian McGrattan.
2:50 of 3rd period - Shot Misses the Net.
2:52 of 3rd period - Snap shot by Victor Bartley.
2:52 of 3rd period - Stopped by Pekka Rinne with a rebound.
2:54 of 3rd period - Snap shot by Chris Mcallister.
2:54 of 3rd period - Stopped by Pekka Rinne without a rebound.
2:55 of 3rd period - Eric Staal wins face-off versus Kyle Wellwood in Flames zone.
2:57 of 3rd period - Minor Penalty to Erik Johnson for High sticking.
2:58 of 3rd period - Eric Staal wins face-off versus Mats Zuccarello in Flames zone.
3:08 of 3rd period - Slapshot by Jonathan Ericsson.
3:08 of 3rd period - Shot Blocked by Derek Meech.
3:10 of 3rd period - Slapshot by J.T. Miller.
3:10 of 3rd period - Stopped by Pekka Rinne with a rebound.
4:57 of 3rd period - Penalty to Erik Johnson is over, Erik Johnson is back on ice.
5:11 of 3rd period - Snap shot by Steve Regier.
5:11 of 3rd period - Stopped by Cory Schneider with a rebound.
5:13 of 3rd period - Wrist shot by Peter Prucha.
5:13 of 3rd period - Shot Misses the Net.
5:15 of 3rd period - Snap shot by Steve Regier.
5:15 of 3rd period - Shot Misses the Net.
5:25 of 3rd period - Dany Heatley is hit by David Backes and loses puck.
5:40 of 3rd period - Jonathan Ferland is hit by Oliver Ekman-Larsson and loses puck.
5:47 of 3rd period - Wrist shot by Matthew Lombardi.
5:47 of 3rd period - Stopped by Pekka Rinne without a rebound.
5:48 of 3rd period - Jeff Carter wins face-off versus Colin Wilson in Flames zone.
5:51 of 3rd period - Snap shot by Jeff Carter.
5:51 of 3rd period - Stopped by Pekka Rinne without a rebound.
5:52 of 3rd period - Steve Regier wins face-off versus Jeff Carter in Flames zone.
5:54 of 3rd period - Minor Penalty to Steve Regier for Hooking.
5:55 of 3rd period - Eric Staal wins face-off versus Kyle Wellwood in Flames zone.
6:07 of 3rd period - Slapshot by Kyle Wellwood.
6:07 of 3rd period - Shot Blocked by Mikhail Grabovski.
6:09 of 3rd period - Snap shot by Kyle Wellwood.
6:09 of 3rd period - Stopped by Pekka Rinne without a rebound.
6:10 of 3rd period - Eric Staal wins face-off versus Jeff Carter in Flames zone.
6:27 of 3rd period - Wrist shot by Jeff Carter.
6:27 of 3rd period - Stopped by Pekka Rinne with a rebound.
6:45 of 3rd period - Slapshot by Oliver Ekman-Larsson.
6:45 of 3rd period - Shot Misses the Net.
6:59 of 3rd period - Brendan Mikkelson is hit by Matt Smaby and loses puck.
7:54 of 3rd period - Penalty to Steve Regier is over, Steve Regier is back on ice.
8:07 of 3rd period - Snap shot by Dany Heatley.
8:07 of 3rd period - Stopped by Pekka Rinne without a rebound.
8:08 of 3rd period - Colin Wilson wins face-off versus Jaromir Jagr in Flames zone.
8:13 of 3rd period - Wrist shot by Steve Regier.
8:13 of 3rd period - Stopped by Cory Schneider with a rebound.
8:15 of 3rd period - Snap shot by Peter Prucha.
8:15 of 3rd period - Shot Blocked by Victor Bartley.
8:17 of 3rd period - Backhand shot by Erik Johnson.
8:17 of 3rd period - Stopped by Cory Schneider with a rebound.
8:19 of 3rd period - Snap shot by Colin Wilson.
8:19 of 3rd period - Stopped by Cory Schneider without a rebound.
8:20 of 3rd period - Jeff Carter wins face-off versus Eric Staal in Flyers zone.
8:25 of 3rd period - Snap shot by Drew Miller.
8:25 of 3rd period - Shot Misses the Net.
8:27 of 3rd period - Snap shot by Drew Miller.
8:27 of 3rd period - Stopped by Pekka Rinne with a rebound.
8:54 of 3rd period - Wrist shot by Kyle Wellwood.
8:54 of 3rd period - Stopped by Pekka Rinne without a rebound.
8:55 of 3rd period - Jeff Carter wins face-off versus Patrik Berglund in Flames zone.
9:06 of 3rd period - Wrist shot by Jakub Voracek.
9:06 of 3rd period - Stopped by Pekka Rinne without a rebound.
9:07 of 3rd period - Jakub Voracek wins face-off versus Eric Staal in Flames zone.
9:30 of 3rd period - Minor Penalty to David Backes for Roughing.
9:31 of 3rd period - Kyle Wellwood wins face-off versus Brad Marchand in Flames zone.
9:32 of 3rd period - Wrist shot by J.T. Miller.
9:32 of 3rd period - Shot Misses the Net.
9:34 of 3rd period - Slapshot by Matt Smaby.
9:34 of 3rd period - Stopped by Pekka Rinne with a rebound.
9:36 of 3rd period - Slapshot by Oliver Ekman-Larsson.
9:36 of 3rd period - Shot Blocked by Steve Eminger.
9:38 of 3rd period - Wrist shot by J.T. Miller.
9:38 of 3rd period - Shot Hit the Post.
9:40 of 3rd period - Wrist shot by Mats Zuccarello.
9:40 of 3rd period - Stopped by Pekka Rinne with a rebound.
9:42 of 3rd period - Snap shot by Kyle Wellwood.
9:42 of 3rd period - Stopped by Pekka Rinne without a rebound.
9:43 of 3rd period - Eric Staal wins face-off versus Kyle Wellwood in Flames zone.
10:17 of 3rd period - Snap shot by Jakub Voracek.
10:17 of 3rd period - Shot Blocked by Brad Marchand.
11:11 of 3rd period - Wrist shot by Jakub Voracek.
11:11 of 3rd period - Stopped by Pekka Rinne without a rebound.
11:12 of 3rd period - Eric Staal wins face-off versus Kyle Wellwood in Flames zone.
11:30 of 3rd period - Penalty to David Backes is over, David Backes is back on ice.
11:59 of 3rd period - Off-side.
12:00 of 3rd period - Matthew Lombardi wins face-off versus Mikhail Grabovski in neutral zone.
12:07 of 3rd period - Wrist shot by Matthew Lombardi.
12:07 of 3rd period - Shot Misses the Net.
12:15 of 3rd period - Snap shot by Chris Mcallister.
12:15 of 3rd period - Deflect By Erik Johnson.
12:15 of 3rd period - Stopped by Pekka Rinne with a rebound.
12:51 of 3rd period - Icing by David Backes.
12:52 of 3rd period - Eric Staal wins face-off versus Marcus Kruger in Flames zone.
12:52 of 3rd period - Eric Staal is hit by Dany Heatley.
13:00 of 3rd period - Backhand shot by Eric Staal.
13:00 of 3rd period - Stopped by Cory Schneider without a rebound.
13:01 of 3rd period - Jeff Carter wins face-off versus David Backes in Flyers zone.
13:08 of 3rd period - Snap shot by Eric Staal.
13:08 of 3rd period - Shot Blocked by Victor Bartley.
13:57 of 3rd period - Jonathan Ericsson is hit by Jonathan Ferland and loses puck.
14:16 of 3rd period - Eric Staal is hit by Oliver Ekman-Larsson and loses puck.
14:30 of 3rd period - Off-side.
14:31 of 3rd period - J.T. Miller wins face-off versus Colin Wilson in neutral zone.
14:42 of 3rd period - Slapshot by Peter Prucha.
14:42 of 3rd period - Stopped by Cory Schneider without a rebound.
14:43 of 3rd period - Jeff Carter wins face-off versus Eric Staal in Flyers zone.
14:48 of 3rd period - Jakub Voracek is hit by Brad Marchand and loses puck.
15:09 of 3rd period - Marcus Kruger is hit by Peter Prucha and loses puck.
15:24 of 3rd period - Steve Regier is hit by Jaromir Jagr and loses puck.
15:35 of 3rd period - Mats Zuccarello is hit by Patrik Berglund.
15:52 of 3rd period - Minor Penalty to Eric Staal for Slashing.
15:53 of 3rd period - Kyle Wellwood wins face-off versus Jonathan Ferland in Flames zone.
16:06 of 3rd period - Snap shot by Kyle Wellwood.
16:06 of 3rd period - Stopped by Pekka Rinne without a rebound.
16:07 of 3rd period - Kyle Wellwood wins face-off versus Jonathan Ferland in Flames zone.
16:22 of 3rd period - Snap shot by Mats Zuccarello.
16:22 of 3rd period - Shot Blocked by Derek Meech.
16:24 of 3rd period - Snap shot by Mats Zuccarello.
16:24 of 3rd period - Shot Misses the Net.
16:34 of 3rd period - Jonathan Ferland is hit by Drew Miller and loses puck.
16:44 of 3rd period - Minor Penalty to Brad Marchand for Tripping.
16:45 of 3rd period - Kyle Wellwood wins face-off versus Jonathan Ferland in Flames zone.
16:54 of 3rd period - Off-side.
16:55 of 3rd period - Kyle Wellwood wins face-off versus David Backes in neutral zone.
17:02 of 3rd period - Snap shot by Kyle Wellwood.
17:02 of 3rd period - Deflect By Derek Meech.
17:02 of 3rd period - Stopped by Pekka Rinne without a rebound.
17:03 of 3rd period - Jonathan Ferland wins face-off versus Mats Zuccarello in Flames zone.
17:52 of 3rd period - Penalty to Eric Staal is over, Eric Staal is back on ice.
18:06 of 3rd period - Icing by Jeff Woywitka.
18:07 of 3rd period - Mikhail Grabovski wins face-off versus Jeff Carter in Flyers zone.
18:44 of 3rd period - Penalty to Brad Marchand is over, Brad Marchand is back on ice.
18:58 of 3rd period - Flames, Pekka Rinne is pulled from the net.
19:06 of 3rd period - Snap shot by Eric Staal.
19:06 of 3rd period - Stopped by Cory Schneider without a rebound.
19:07 of 3rd period - Lindy Ruff call a timeout for Flames.
19:07 of 3rd period - Eric Staal wins face-off versus Matthew Lombardi in Flyers zone.
19:08 of 3rd period - Slapshot by David Backes.
19:08 of 3rd period - Stopped by Cory Schneider without a rebound.
19:09 of 3rd period - Eric Staal wins face-off versus Chris Mcallister in Flyers zone.
19:13 of 3rd period - Minor Penalty to Matthew Lombardi for Tripping.
19:14 of 3rd period - Eric Staal wins face-off versus Marcus Kruger in Flyers zone.
Goals for this period are 1 for Flyers vs 0 for Flames.
Shots for this period are 22 for Flyers vs 8 for Flames.